cohdb
Replays
Latest Replays
All Replays
Popular Replays
Top Player Replays
Match Explorer
How It Works
Community
CoH3 Stats
Reddit
Sign in to upload your games and track your stats! →
Sign in with Steam
Match 42183167
Unlisted
Match 42183167
Overview
Messages
Build Orders
End
Construct Barracks
Engineer Squad
Selects Armored Battlegroup
Selects Armored Battlegroup
Selects Armored Battlegroup
Selects Veteran Crews
Riflemen Squad
M1 Mortar Team
Riflemen Squad
Mechanized Support Center
Construct Weapon Support Center
Selects Field Repairs
M3 Armored Personnel Carrier
Construct Medical Station
Mortar Pit
M1919 Machine Gun Team
Riflemen Squad
M1918 Browning Automatic Rifles
Grenade Package
M3 Armored Personnel Carrier
Selects War Machine
Mortar Pit
Designate Forward Repair Station
M3 Armored Personnel Carrier
Riflemen Squad
Engineer Squad
Selects Fast Deploy
STALKER4732
GRANDMOM
Scorps
FelinJet3
Dingo Enjoyer
Adelfos88
rmsi
Monkey CPU
0
0
Comments
sign in to comment!
No comments posted yet!